 Dungeon Crawl Stone Soup version 0.23.2-40-g277498a001 (webtiles) character file.

Game seed: 12963893719155232518

79 Emblim88 the Sneak (level 4, -6/46 HPs)
             Began as an Octopode Berserker on Oct 18, 2019.
             Was a Believer of Trog.
             Mangled by a gnoll
             ... wielding a +1 whip of venom
              (8 damage)
             ... on level 2 of the Dungeon.
             The game lasted 00:03:48 (1978 turns).

Emblim88 the Sneak (Octopode Berserker)             Turns: 1978, Time: 00:03:48

Health: -6/46      AC:  1    Str: 22    XL:     4   Next: 38%
Magic:  4/4        EV: 14    Int:  9    God:    Trog [**....]
Gold:   102        SH:  0    Dex: 11    Spells: 3/3 levels left

rFire    . . .     SeeInvis .     - Unarmed
rCold    . . .     Gourm    .   (no shield)
rNeg     . . .     Faith    .   (helmet restricted)
rPois    .         Spirit   .   (no amulet)
rElec    .         Reflect  .   (no ring)
rCorr    .         Harm     .   (no ring)
MR       .....                  (no ring)
Stlth    ..........             (no ring)
HPRegen  0.15/turn              (no ring)
MPRegen  0.09/turn              (no ring)
                                (no ring)
                                (no ring)

@: berserking, lethally poisoned (-6 -> -9), very quick
A: almost no armour, stealthy swim, amphibious, 8 rings, constrict 8, camouflage
1, gelatinous body 1
a: Berserk, Trog's Hand, Renounce Religion


You were on level 2 of the Dungeon.
You worshipped Trog.
Trog was pleased with you.
You were very hungry.

You visited 1 branch of the dungeon, and saw 2 of its levels.

You collected 102 gold pieces.

Inventory:

Hand Weapons
 d - a +0 dagger of holy wrath
Scrolls
 c - 6 scrolls of identify {unknown}
 e - 2 scrolls of blinking {unknown}
 f - a scroll of magic mapping {unknown}
 h - a scroll of remove curse {unknown}
 j - a scroll of teleportation {unknown}
 m - 2 scrolls of amnesia {unknown}
 n - a scroll of immolation {unknown}
Potions
 b - a potion of ambrosia {unknown}
 g - 2 potions of might {unknown}
 i - a potion of heal wounds {unknown}
 l - a potion of agility {unknown}
Comestibles
 a - 7 rations
 k - a chunk of flesh


   Skills:
 + Level 3.5 Fighting
 - Level 3.0 Dodging
 * Level 3.9 Stealth
 + Level 3.6 Unarmed Combat


You had 3 spell levels left.
You didn't know any spells.
Your spell library was empty.

Dungeon Overview and Level Annotations

Branches:
Dungeon (2/15)

Altars:
Elyvilon


Innate Abilities, Weirdness & Mutations

You cannot wear most types of armour.
You are very stealthy in the water. (Stealth+)
You are amphibious.
You can wear up to eight rings at the same time.
You can use your tentacles to constrict eight enemies at once.
Your skin changes colour to match your surroundings (Stealth+).
Your rubbery body absorbs attacks. (AC +1, EV +1)


Message History

You are too injured to fight recklessly!
You are too injured to fight recklessly!
You are too injured to fight recklessly!
You are too injured to fight recklessly!
You are too injured to fight recklessly!
You are too injured to fight recklessly!
You are too injured to fight recklessly!
A red film seems to cover your vision as you go berserk!
You feel yourself moving faster!
You feel mighty!
You are feeling very hungry.
You constrict the gnoll.
The gnoll hits you with a +1 whip of venom!
* * * LOW HITPOINT WARNING * * *
The gnoll misses you. The gnoll hits you with a +0 spear.
* * * LOW HITPOINT WARNING * * *
You bludgeon the gnoll!
You kill the gnoll!
Trog accepts your kill.
The gnoll hits you with a +1 whip of venom!
You die...

##.## #.
##...#...# # #.#
#. ##'##...####
#.# #.
#........## #.#
#........†. #.#
##........## ##.#
#######...#...###
...#
#.............#
####
#.#####...#####
#@# ##.##
.....gg)# ###
#########


You could see 2 gnolls.

Vanquished Creatures
  A gnoll (D:2)
  A worm (D:2)
  3 dart slugs
  A leopard gecko (D:2)
  2 giant cockroaches (D:1)
  9 hobgoblins
  2 jackals (D:2)
  2 quokkas (D:2)
  A ball python (D:1)
  10 bats
  5 frilled lizards
  7 goblins
  8 kobolds
  8 rats
60 creatures vanquished.

Notes
Turn   | Place    | Note
-------+----------+-------------------------------------------
     0 | D:1      | Emblim88 the Octopode Berserker began the quest for the
                  | Orb.
     0 | D:1      | Reached XP level 1. HP: 16/16 MP: 1/1
    16 | D:1      | Reached skill level 1 in Stealth
   148 | D:1      | Reached XP level 2. HP: 14/21 MP: 2/2
   304 | D:1      | Reached XP level 3. HP: 10/26 MP: 3/3
   642 | D:1      | Reached ** piety under Trog
  1484 | D:2      | Reached XP level 4. HP: 29/31 MP: 4/4
  1905 | D:2      | Found a white marble altar of Elyvilon.
  1977 | D:2      | HP: 2/46 [gnoll/+0 spear (4)]
  1978 | D:2      | Mangled by a gnoll

Skill      XL: |  1  2  3 |
---------------+----------+-----
Stealth        | 1 2 3 |  3.9
Fighting       | |  3.5
Dodging        | |  3.0
Unarmed Combat | |  3.6

Action                   |  1- 3 |  4- 6 || total
-------------------------+-------+-------++-------
Melee: Unarmed           |    86 |    25 ||   111
       Tentacles         |    14 |     6 ||    20
       Constrict         |    23 |     7 ||    30
       Punch             |     2 |     1 ||     3
Invok: Berserk           |     1 |     1 ||     2
 Stab: Sleeping          |     7 |     3 ||    10
  Eat: Chunk             |     3 |     1 ||     4
Armor: Skin              |     3 |     1 ||     4
Dodge: Dodged            |    51 |    14 ||    65
